 Dungeon Crawl Stone Soup version 0.31-a0-1068-g5939ac1fb6 (webtiles) character file.

Game seed: 9800395846162282736

178141 MackTheKnife the Warrior (level 17, -2/147 HPs)
             Began as a Barachi Hedge Wizard on Nov 22, 2023.
             Was the Champion of Jiyva.
             Slain by a ghost moth (13 damage)
             ... on level 3 of the Spider Nest on Nov 23, 2023.
             The game lasted 00:56:06 (26076 turns).

MackTheKnife the Warrior (Barachi Hedge Wizard)    Turns: 26076, Time: 00:56:06

Health: -2/147     AC: 13    Str: 23 (26) XL:     17   Next: 87%
Magic:  0/35       EV: 15    Int:  7 (13) God:    Jiyva [******]
Gold:   1201       SH: 15    Dex:  9 (13) Spells: 13/28 levels left

rFire   + + +        B - +8 hammer of Por Leul {speed, rF+ Str+2 Stlth+}
rCold   + + +        t - +0 kite shield
rNeg    . . .        x - +4 leather armour of Living the Leaf {rC+}
rPois   .            j - +1 helmet
rElec   .            v - +0 cloak of Vahixaup {rF++ MP+9}
rCorr   +            F - +0 pair of gloves
SInv    .            g - +2 pair of boots
Will    ++...        k - amulet of reflection
Stlth   +++          J - ring "Oliziv" {rC+ Will+ AC+4}
HPRegen 2.04/turn    L - ring of protection from fire
MPRegen 0.74/turn

%: reflection
@: mighty, spiked, corroded, slow
A: amphibious, slowness 1, strong legs 2, +LOS, talons 1, iridescent scales 1,
cold resistance 1, sense surroundings 3, strong 2, translucent skin 1, evolution
1, jelly sensing items, engulf
}: 1/15 runes: slimy
a: Hop, Renounce Religion, Oozemancy, Slimify


You were on level 3 of the Spider Nest.
You worshipped Jiyva.
Jiyva was exalted by your worship.
You visited 5 branches of the dungeon, and saw 31 of its levels.
You also visited: Bailey and Ice Cave.

You collected 1835 gold pieces.
You spent 634 gold pieces at shops.


Innate Abilities, Weirdness & Mutations

You are amphibious.
You cover ground slowly.
You can hop long distances.
You have an extended range of vision and can be seen from far away.
You have sharp toenails.
You are partially covered in iridescent scales. (AC +2)
Your flesh is cold resistant. (rC+)
You passively map a large area around you.
Your muscles are very strong. (Str +8, Int/Dex -2)
Your translucent skin slightly reduces your foes' accuracy. (Stealth+)
You have hidden genetic potential.
You have a small jelly attached to you that senses nearby items.
Your melee attacks may engulf your foes in ooze.


   Skills:
 - Level 17.0 Fighting
 + Level 2.7(9.4) Axes
 - Level 14.0(14.1) Maces & Flails
 - Level 6.0 Armour
 - Level 16.0 Dodging
 - Level 1.7 Stealth
 - Level 10.8 Shields
 - Level 6.2 Spellcasting
 - Level 4.0 Conjurations
 - Level 12.1 Summonings
 - Level 8.0 Necromancy
 - Level 10.0 Translocations
 - Level 3.0 Air Magic
 - Level 3.0 Poison Magic
 - Level 6.0 Evocations


You had 13 spell levels left.
You knew the following spells:

 Your Spells              Type           Power      Damage    Failure   Level
a - Magic Dart            Conj           28%        1d4       10%         1
b - Call Imp              Summ           38%        N/A       1%          2
c - Mephitic Cloud        Conj/Pois/Air  6%         N/A       36%         3
d - Summon Forest         Summ/Tloc      8%         N/A       14%         5
e - Animate Dead          Necr           13%        N/A       19%         4

Your spell library contained the following spells:

 Spells                   Type           Power      Damage    Failure   Level
 Apportation              Tloc           32%        N/A       1%          1
 Necrotise                Necr           52%        1d6       1%          1
 Summon Small Mammal      Summ           76%        N/A       1%          1
 Blink                    Tloc           32%        N/A       1%          2
 Lesser Beckoning         Tloc           32%        N/A       1%          2
 Momentum Strike          Conj/Tloc      22%        3d8       4%          2
 Passage of Golubria      Tloc           16%        N/A       9%          4
 Cigotuvi's Dreadful Rot  Necr/Pois/Air  16%        N/A       11%         2
 Volatile Blastmotes      Fire/Tloc      18%        2d11      19%         3
 Poisonous Vapours        Pois/Air       12%        N/A       22%         2
 Sting                    Tmut/Pois      16%        1d3       26%         1
 Iskenderun's Mystic Bla  Conj/Tloc      11%        2d4       28%         4
 Vhi's Electric Charge    Tloc/Air       22%        N/A       34%         4
 Animate Armour           Summ/Erth      20%        N/A       38%         4
 Slow                     Hex            8%         N/A       45%         1
 Dazzling Flash           Conj/Hex       8%         N/A       54%         3
 Dimensional Bullseye     Hex/Tloc       4%         N/A       54%         4
 Olgreb's Toxic Radiance  Pois           6%         N/A       82%         4
 Tukima's Dance           Hex            2%         N/A       83%         3
 Fulminant Prism          Conj/Hex       2%         3d5       91%         4
 Summon Hydra             Summ           9%         N/A       96%         7
 Arcjolt                  Conj/Air       3%         1d13      97%         5
 Alistair's Intoxication  Tmut/Pois      2%         N/A       100%        5
 Yara's Violent Unravell  Hex/Tmut       1%         3d3       100%        5
 Bombard                  Conj/Erth      2%         9d1       100%        6
 Eringya's Noxious Bog    Tmut/Pois      2%         4d6       100%        6
 Plasma Beam              Fire/Air       2%         2x1d12    100%        6
 Starburst                Conj/Fire      2%         6d3       100%        6
 Haunt                    Necr/Summ      8%         N/A       100%        7
 Infestation              Necr           6%         N/A       100%        8
 Maxwell's Capacitive Co  Air            3%         ∞         100%        8

Inventory:

Hand Weapons
 b - the +5 dagger of the Assorted Brambles {heavy, rPois, short}
   (You found it on level 1 of the Spider Nest)

   rPois:     It protects you from poison
 w - a +4 spectral broad axe {axe}
   (You took it off Asterion on level 3 of the Spider Nest)
 y - a +2 demon trident of venom {polearm}
   (You found it on level 5 of the Pits of Slime)
 B - the +8 hammer of Por Leul (weapon) {speed, rF+ Str+2 Stlth+}
   (You found it on level 6 of the Dungeon)

   Str+2:     It affects your strength (+2).
   rF+:       It protects you from fire.
   Stlth+:    It makes you more stealthy.
Armour
 g - a +2 pair of boots (worn)
   (You found it on level 1 of the Dungeon)
 j - a +1 helmet (worn)
   (You found it on level 14 of the Dungeon)
 t - a +0 kite shield (worn)
   (You took it off a tengu warrior on level 14 of the Dungeon)
 v - the +0 cloak of Vahixaup (worn) {rF++ MP+9}
   (You found it on level 2 of the Spider Nest)

   rF++:      It greatly protects you from fire.
   MP+9:      It affects your magic capacity (+9).
 x - the +4 leather armour of Living the Leaf (worn) {rC+}
   (You found it on level 8 of the Dungeon)

   rC+:       It protects you from cold.
 F - a +0 pair of gloves (worn)
   (You found it on level 1 of the Lair of Beasts)
 I - the +4 chain mail of the Dozen Seers {rPois Str+2}
   (You found it on level 5 of the Pits of Slime)

   Str+2:     It affects your strength (+2).
   rPois:     It protects you from poison
 M - the +0 ring mail "Ehulac" {rElec rN+ Will+ Str-2}
   (You found it in an ice cave)

   Str-2:     It affects your strength (-2).
   rElec:     It insulates you from electricity.
   rN+:       It protects you from negative energy.
   Will+:     It increases your willpower.
Jewellery
 k - an amulet of reflection (around neck)
   (You found it on level 1 of the Dungeon)
 J - the ring "Oliziv" (left hand) {rC+ Will+ AC+4}
   (You found it on level 5 of the Pits of Slime)

   [ring of protection]

   AC+4:      It affects your AC (+4).
   rC+:       It protects you from cold.
   Will+:     It increases your willpower.
 L - a ring of protection from fire (right hand)
   (You found it on level 5 of the Lair of Beasts)
 Q - the amulet of Zurrounn {Acrobat rF+}
   (You found it in an ice cave)

   [amulet of the acrobat]

   Acrobat:   It increases your evasion while moving and waiting.
   rF+:       It protects you from fire.
Wands
 s - a wand of paralysis (10)
   (You found it on level 2 of the Spider Nest)
 u - a wand of flame (11)
   (You found it on level 3 of the Lair of Beasts)
 z - a wand of light (4)
   (You found it on level 8 of the Dungeon)
 G - a wand of iceblast (13)
   (You found it on level 1 of the Lair of Beasts)
Scrolls
 c - a scroll of fear
 m - a scroll of teleportation {@r4}
 q - a scroll of brand weapon
 A - a scroll of poison {!r}
 C - 2 scrolls of blinking {!r}
 E - a scroll of silence {!r}
Potions
 a - 10 potions of heal wounds {@q2}
 d - 4 potions of magic
 e - 2 potions of resistance
 f - a potion of berserk rage {!q}
 h - 2 potions of invisibility
 i - 4 potions of curing {@q1}
 l - a potion of enlightenment
 n - 2 potions of mutation {!q}
 o - 4 potions of haste {@q3}
 p - 4 potions of lignification {!q}
 r - 4 potions of might
 D - 2 potions of attraction {unknown}
 H - 2 potions of cancellation
 N - a potion of experience {unknown}
 T - a potion of ambrosia
Miscellaneous
 K - a phial of floods
   (You found it on level 5 of the Lair of Beasts)
 O - a lightning rod (4/4)
   (You found it on level 5 of the Lair of Beasts)
 R - a phantom mirror
   (You found it on level 15 of the Dungeon)
 S - a box of beasts (inert)
   (You found it on level 15 of the Dungeon)

Dungeon Overview and Level Annotations

Branches:
Dungeon (15/15) Zot: 25208  Temple (0/1) D:7            Lair (5/5) D:8 Zot: 24967
 Shoals (0/4) Lair:2       Spider (4/4) Lair:2 Zot: 20429   Slime (5/5) Lair:5 Zot: 26301
    Orc (2/2) D:12 Zot: 10412     Elf (0/3) Orc:2        Vaults (0/5) D:14
 Depths (0/4) D:15         Bailey (visited)           IceCv (visited)

Altars:
Kikubaaqudgha
Qazlal
Trog
Vehumet
Xom
Jiyva

Shops:
D:8 (   D:9 ?   Orc:2 [:(!!

Annotations:
D:4 1 transporter, Nico3ck's ghost, novice DsGl
Slime:5 Royal Jelly

#.....##......#..#..^#
###...#...##.......#..#
###....#.....##..#....#.#
####...##.......###.....#..#
#.....<.......#.###..#.....#
#......#...#..###......#...#
####.^#....#...##J#..#......#
# #......#.#.#.w#...#.#.....#
# #............{@.........^.#
###......^......#.....#.....#
^#.....###.#..^.......##....#
#...##.# ####.#...#........##
....#### ####..#...#....#
...## ##..#....#....## #..##
#.^..#......#..# ..^^## ###
####...........# ##...####.#
#..........##


You could see a steelbarb worm (berserk, blind, asphyxiating, ally target) and a
friendly acid blob (summoned, wandering).


Message History

You feel you are being watched by something.
You feel your power leaking away. Something hits you.
You feel dopey. Something hits you but does no damage.
Something stings you but does no damage.
You feel you are being watched by something.
Something hits you!
You feel clumsy. You block something's attack.
Something stings you. 😮 HP[-19] MP[-2]
You take 19 damage, and now have 108/147 hp.
You lost 2 mp, and now have 0/35 mp.
You feel you are being watched by something.
You feel your power leaking away. 😕 HP[+3]
You regained 3 hp, and now have 111/147 hp.
You feel you are being watched by something.
You feel your power leaking away. Something hits you! Something hits you.
You feel clumsy. Something stings you.
You feel dopey.
The demonic crawler rages.
You block the steelbarb worm's attack. 😮 HP[-16]
You take 16 damage, and now have 95/147 hp.
Something hits you! Something barely misses you. x2
The entropy weaver points at you and mumbles some strange words.
You feel you are being watched by something.
You feel your power leaking away.
Something hits you but does no damage. x2; Something barely misses you.
There is a stone staircase leading up, spattered with blood here. 😮 HP[-8]
You take 8 damage, and now have 87/147 hp.
You block the steelbarb worm's attack.
You feel you are being watched by something.
Something barely misses you. x2
Something stings you but does no damage.
You block the steelbarb worm's attack.
You climb upwards.
Reactivating autopickup.
There is a stone staircase leading down here. 😮 HP[+6] MP[+2]
You regained 6 hp, and now have 93/147 hp.
You regained 2 mp, and now have 2/35 mp.
Unknown command.
Unknown command.
Unknown command.
Okay, then.
Unknown command.
You don't have enough magic at the moment.
You sock the steelbarb worm!
You engulf the steelbarb worm in ooze!
The steelbarb worm is asphyxiated!
The steelbarb worm hits you!
Barbed spikes become lodged in your body.
You feel you are being watched by something.
You feel your power leaking away. Something hits you but does no damage.
Deactivating autopickup; reactivate with Ctrl-A.
Something hits you!
* * * LOW HITPOINT WARNING * * *
You feel dopey. Something stings you.
* * * LOW HITPOINT WARNING * * *
You feel weakened. 😨 HP[-28] MP[-2]
You take 28 damage, and now have 65/147 hp.
You lost 2 mp, and now have 0/35 mp.
You sock the steelbarb worm!
The steelbarb worm is asphyxiated!
You block the steelbarb worm's attack. 😨 HP[+1] Unknown command.
You bludgeon the steelbarb worm!!
You feel you are being watched by something.
You feel your power leaking away. Something hits you!
* * * LOW HITPOINT WARNING * * *
Something hits you.
* * * LOW HITPOINT WARNING * * *
Something stings you!
* * * LOW HITPOINT WARNING * * *
You block the steelbarb worm's attack. 😨 HP[-21]
You take 21 damage, and now have 45/147 hp.
Unknown command.
Unknown command.
Okay, then.
Aiming: Bolt of Light
Press: ? - help, Shift-Dir - straight line, f - steelbarb worm
Aim: a steelbarb worm (heavily wounded, berserk, asphyxiating, 84% to hit)
The bolt of light hits the steelbarb worm!!
The steelbarb worm is blinded.
The steelbarb worm is asphyxiated!
The steelbarb worm hits you!!!
* * * LOW HITPOINT WARNING * * *
You shudder from the blow and a jelly pops out!
Barbed spikes become lodged in your body.
You feel you are being watched by something.
You feel your power leaking away. Something hits you!
You die...

Skill      XL: |  1  2  3  4  5  6  7  8  9 10 11 12 13 14 15 16 17 |
---------------+----------------------------------------------------+-----
Summonings     | 2 3 6 11 12 | 12.1
Conjurations   | 2 3 4 |  4.0
Air Magic      | 1 2 3 |  3.0
Poison Magic   | 1 2 3 |  3.0
Fighting       | 4 5 7 10 12 13 14 15 17 | 17.0
Dodging        | 3 5 6 7 10 12 14 16 | 16.0
Spellcasting   | 4 5 6 |  6.2
Maces & Flails | 3 6 7 10 12 14 | 14.0
Translocations | 5 10 | 10.0
Armour         | 6 |  6.0
Shields        | 7 10 | 10.8
Necromancy     | 6 8 |  8.0
Evocations     | 6 |  6.0
Axes           | 2 |  2.7
Stealth        | |  1.7

Action                     |  1- 3 |  4- 6 |  7- 9 | 10-12 | 13-15 | 16-18 || total
---------------------------+-------+-------+-------+-------+-------+-------++-------
  Melee: Dagger            |     3 |    16 |    29 |       |       |       ||    48
         Bite              |       |     2 |    19 |    83 |    39 |       ||   143
         Mace              |       |       |    88 |   501 |  1880 |  1360 ||  3829
         Punch             |       |       |     2 |    10 |    29 |       ||    41
         Headbutt          |       |       |       |       |   307 |       ||   307
         Kick              |       |       |       |       |   117 |       ||   117
   Cast: Magic Dart        |    87 |    89 |    58 |    52 |     1 |       ||   287
         Call Imp          |       |     9 |    21 |    15 |     1 |       ||    46
         Mephitic Cloud    |       |       |    11 |    33 |     7 |       ||    51
         Summon Forest     |       |       |       |       |    10 |    11 ||    21
         Animate Dead      |       |       |       |       |       |     8 ||     8
 Invoke: Oozemancy         |       |     1 |     3 |     5 |     1 |     2 ||    12
         Slimify           |       |       |       |       |     1 |     4 ||     5
Ability: Hop               |       |       |       |     1 |     1 |     1 ||     3
  Evoke: Wand              |       |       |       |     3 |     2 |     7 ||    12
         Box of beasts     |       |       |       |       |       |     2 ||     2
         Phantom mirror    |       |       |       |       |       |     2 ||     2
         Phial of floods   |       |       |       |       |       |     1 ||     1
    Use: Scroll            |       |     3 |     3 |     8 |     8 |     7 ||    29
         Potion            |       |       |       |     3 |     2 |     7 ||    12
   Stab: Sleeping          |       |     2 |     1 |     4 |    19 |     6 ||    32
         Distracted        |       |       |     1 |     3 |     2 |     7 ||    13
         Confused          |       |       |     3 |    35 |     7 |       ||    45
         Invisible         |       |       |       |     2 |       |     3 ||     5
         Paralysed         |       |       |       |       |       |     2 ||     2
 Armour: Robe              |    10 |    34 |    54 |    12 |    42 |       ||   152
         Leather armour    |       |       |       |   103 |   449 |   668 ||  1220
         Troll leather arm |       |       |       |     3 |       |       ||     3
  Dodge: Dodged            |    15 |    29 |    58 |   283 |  1049 |   712 ||  2146
  Block: Other             |    11 |    25 |    24 |    69 |   160 |       ||   289
         Reflection        |       |     1 |     1 |     6 |    10 |     2 ||    20
         Buckler           |       |       |       |       |   291 |   403 ||   694
         Kite shield       |       |       |       |       |       |   276 ||   276

Levels and vault maps discovered:
D:1:      minmay_arrival_semitransparent, layout_rooms,
          hellmonk_ecumenical_altar_inner_sanctum, dreamdust_wishing_well,
          minmay_misc_feat_chi
D:2:      layout_loops_ring
D:3:      layout_basic, nicolae_overflow_crystal_walls, chequers_garden
D:4:      layout_basic, gammafunk_ghost_mausoleum
D:5:      layout_basic
D:6:      layout_cave_pods, lexackson_kobold_supper, uniq_crazy_yiuf_cottage
D:7:      layout_cave_pods, minmay_temple_entry_gardened_gates, enter_bailey_5
D:8:      minmay_the_grid_triangle_9x9_rhombus_full
          [minmay_the_grid_triangle_9x9_steps,
          minmay_the_grid_triangle_9x9_checkered,
          minmay_the_grid_triangle_9x9_shrine,
          minmay_the_grid_triangle_9x9_limited_checkers,
          minmay_the_grid_triangle_9x9_subtriangle,
          minmay_the_grid_triangle_9x9_semitri,
          minmay_the_grid_triangle_9x9_thin_v,
          minmay_the_grid_triangle_9x9_prize_top_heavy], layout_gridville,
          mainiacjoe_overflow_24_doors, david_lair_generic, serial_shops,
          nicolae_shop_tiny_statue_garden, hangedman_abyss_or_decor_lesser_grid
D:9:      minmay_chambers_of_sevens, layout_basic, grunt_qazlal_sundering,
          serial_shops, nicolae_shop_window_shopping, kennysheep_generic_room_12
D:10:     layout_cave_pods, reono_crystal_passage, grunt_ministairs_11,
          uniq_josephine
D:11:     layout_gridville, ebering_ghost_rock_garden,
          kennysheep_generic_room_13, uniq_sonja
D:12:     layout_basic, erik_orc_2, trog_three_pillars_becter
D:13:     layout_gridville, uniq_erolcha
D:14:     layout_small_grid, lightli_vaults_fourway_checkpoint,
          portal_ice_cave_entry_pillars_four,
          nicolae_kikubaaqudgha_miasma_corner
D:15:     hellmonk_depths_entry_around_the_bend, layout_gridville,
          hangedman_decor_points, minivault_26
Lair:1:   layout_roguey, ebering_ghost_funeral_grove, lemuel_another_geyser,
          lemuel_fruit_tree
Lair:2:   layout_chaotic_city, elwin_shoals_entry_rocks,
          hellmonk_spider_entry_life_and_decay, grunt_megastairs_3
Lair:3:   layout_regular_city, grunt_megastairs_5
Lair:4:   layout_cave_pods, beast_lair_carwin_6, grunt_megastairs_1,
          serial_bayou_shore_b, serial_bayou_shore_b
Lair:5:   gammafunk_lair_ancient_temple, layout_small_grid, slime_entry_2,
          nicolae_quartered_pool_super
Spider:1: layout_spider_delve
Spider:2: cheibrodos_spider_silkery, guppyfry_spider_mini_3, uniq_arachne
Spider:3: layout_spider_delve, uniq_asterion
Spider:4: hellmonk_spider_rune_bug_friends, drop_trap, nicolae_spider_orb_run
Slime:1:  layout_caves
Slime:2:  layout_caves, cheibrodos_slime_lost_civilization_5
Slime:3:  nicolae_slime_jelly_donut, layout_caves
Slime:4:  layout_caves
Slime:5:  slime_pit_nicolae_inversion
Orc:1:    layout_caves, uniq_maurice
Orc:2:    kennysheep_orc_mage_school, layout_caves, serial_shops,
          nicolae_shop_industrial_runoff, basic_altar, lightli_orcish_oven

Notes
Turn   | Place    | Note
-------+----------+-------------------------------------------
     0 | D:1      | MackTheKnife the Barachi Hedge Wizard began the quest for
                  | the Orb.
     0 | D:1      | Reached XP level 1. HP: 13/13 MP: 4/4
     0 | D:1      | magus.rc [v1.9.6]
    12 | D:1      | You pick up a book of Cantrips and begin reading...
    12 | D:1      | You add the spells Necrotise, Summon Small Mammal and
                  | Apportation to your library.
   164 | D:1      | You pick up a book of Spectacle and begin reading...
   164 | D:1      | You add the spells Volatile Blastmotes, Dazzling Flash,
                  | Starburst and Maxwell's Capacitive Coupling to your
                  | library.
   483 | D:1      | Reached skill level 2 in Summonings
   483 | D:1      | Reached XP level 2. HP: 19/19 MP: 1/6
   550 | D:1      | Learned a level 2 spell: Call Imp
   669 | D:1      | Found a faded altar of an unknown god.
   677 | D:1      | Prayed at the altar of an unknown god.
   677 | D:1      | Became a worshipper of Jiyva Jaewkore the Shapeless
   677 | D:1      | Reached * piety under Jiyva
   893 | D:2      | Reached skill level 2 in Conjurations
  1048 | D:2      | Reached XP level 3. HP: 24/24 MP: 4/7
  1145 | D:2      | Reached ** piety under Jiyva
  1699 | D:3      | Learned a level 3 spell: Mephitic Cloud
  1710 | D:3      | Reached skill level 3 in Summonings
  1851 | D:3      | Found a shimmering altar of Xom.
  1851 | D:3      | Reached *** piety under Jiyva
  1902 | D:3      | Reached XP level 4. HP: 30/30 MP: 3/8
  2168 | D:4      | Reached skill level 3 in Conjurations
  2207 | D:4      | Reached skill level 1 in Air Magic
  2207 | D:4      | Reached skill level 1 in Poison Magic
  2238 | D:4      | Found a transporter.
  2241 | D:4      | Noticed Nico3ck's ghost (novice DsGl)
  2553 | D:4      | Gained mutation: You have a small jelly attached to you
                  | that senses nearby items. [Jiyva's grace]
  2553 | D:4      | Gained mutation: You have acidic saliva. [Jiyva's grace]
  2553 | D:4      | Gained mutation: A frigid envelope surrounds you and
                  | freezes all who hurt you. [Jiyva's grace]
  2553 | D:4      | Gained mutation: Your translucent skin slightly reduces
                  | your foes' accuracy. (Stealth+) [Jiyva's grace]
  2677 | D:5      | Entered Level 5 of the Dungeon
  2677 | D:5      | Noticed a water moccasin
  2677 | D:5      | Reached **** piety under Jiyva
  2748 | D:5      | Reached XP level 5. HP: 35/35 MP: 4/9
  2748 | D:5      | Killed a water moccasin
  2749 | D:5      | Reached skill level 4 in Conjurations
  2749 | D:5      | Reached skill level 2 in Air Magic
  2749 | D:5      | Reached skill level 2 in Poison Magic
  2749 | D:5      | Reached XP level 6. HP: 41/41 MP: 4/10
  2804 | D:5      | Reached skill level 3 in Air Magic
  2804 | D:5      | Reached skill level 3 in Poison Magic
  2810 | D:5      | Reached skill level 2 in Fighting
  2869 | D:5      | Reached skill level 3 in Fighting
  3094 | D:5      | You add the spells Tukima's Dance, Passage of Golubria and
                  | Yara's Violent Unravelling to your library.
  3352 | D:5      | Reached skill level 4 in Fighting
  3352 | D:5      | Reached XP level 7. HP: 42/54 MP: 6/11
  3733 | D:6      | Reached skill level 5 in Fighting
  3821 | D:6      | You add the spells Summon Forest, Eringya's Noxious Bog and
                  | Summon Hydra to your library.
  3836 | D:6      | Reached skill level 3 in Dodging
  3988 | D:6      | Reached skill level 4 in Spellcasting
  4084 | D:6      | Identified the +4 hammer of Xaxat {heavy, rN+ Int+3}
  4089 | D:6      | Found a runed translucent door.
  4090 | D:6      | Identified the +6 hammer "Senk" {venom, Str+7}
  4090 | D:6      | Noticed Crazy Yiuf
  4118 | D:6      | Killed Crazy Yiuf
  4119 | D:6      | Reached XP level 8. HP: 64/64 MP: 10/14
  4130 | D:6      | Identified the +8 hammer of Por Leul {speed, rF+ Str+2
                  | Stlth+}
  4342 | D:6      | You pick up a book of Blasting and begin reading...
  4342 | D:6      | You add the spells Fulminant Prism and Iskenderun's Mystic
                  | Blast to your library.
  4380 | D:6      | Reached skill level 6 in Fighting
  4395 | D:6      | Reached skill level 1 in Maces & Flails
  4432 | D:6      | Reached skill level 4 in Dodging
  4860 | D:7      | Reached skill level 2 in Maces & Flails
  4861 | D:7      | Reached skill level 5 in Spellcasting
  5055 | D:7      | Reached skill level 3 in Maces & Flails
  5103 | D:7      | Found a flagged portal.
  5117 | D:7      | Reached skill level 7 in Fighting
  5117 | D:7      | Reached skill level 5 in Dodging
  5126 | Bailey   | Entered a bailey
  5135 | Bailey   | Reached XP level 9. HP: 67/72 MP: 14/17
  5167 | Bailey   | Reached skill level 4 in Maces & Flails
  5171 | Bailey   | Reached skill level 6 in Spellcasting
  5173 | Bailey   | Reached skill level 8 in Fighting
  5173 | Bailey   | Reached skill level 6 in Dodging
  5174 | Bailey   | Reached skill level 5 in Maces & Flails
  5223 | Bailey   | Reached skill level 9 in Fighting
  5223 | Bailey   | Reached skill level 6 in Maces & Flails
  5228 | Bailey   | Noticed Prince Ribbit
  5237 | Bailey   | Killed Prince Ribbit
  5240 | Bailey   | Reached skill level 10 in Fighting
  5240 | Bailey   | Reached XP level 10. HP: 82/85 MP: 16/19
  5240 | Bailey   | Noticed a vault guard
  5242 | Bailey   | Noticed a vault guard
  5261 | Bailey   | HP: 12/86 [vault guard/+0 broad axe (17)]
  5270 | Bailey   | Killed a vault guard
  5271 | Bailey   | Reached skill level 11 in Fighting
  5285 | Bailey   | Killed a vault guard
  5465 | D:7      | Reached skill level 12 in Fighting
  5488 | D:7      | Found a staircase to the Ecumenical Temple.
  6015 | D:7      | Gained mutation: You are agile. (Dex +4, Str/Int -1)
                  | [Jiyva's grace]
  6015 | D:7      | Gained mutation: You are very agile. (Dex +8, Str/Int -2)
                  | [Jiyva's grace]
  6015 | D:7      | Gained mutation: Your rubbery body absorbs attacks. (AC +1,
                  | EV +1) [Jiyva's grace]
  6015 | D:7      | Gained mutation: Your pliable body absorbs attacks. (AC +2,
                  | EV +2) [Jiyva's grace]
  6218 | D:8      | Noticed an elephant
  6250 | D:8      | Killed an elephant
  6253 | D:8      | Reached skill level 7 in Maces & Flails
  6253 | D:8      | Reached skill level 7 in Dodging
  6315 | D:8      | Found a staircase to the Lair.
  6392 | D:8      | Found a bloodstained altar of Trog.
  6411 | D:8      | Reached XP level 11. HP: 95/95 MP: 20/20
  6419 | D:8      | Reached skill level 8 in Maces & Flails
  6419 | D:8      | Reached skill level 8 in Dodging
  6427 | D:8      | Identified the +4 leather armour of Living the Leaf {rC+}
  6689 | D:8      | Noticed a manticore
  6690 | D:8      | Noticed a deep elf pyromancer
  6694 | D:8      | Found a runed translucent door.
  6740 | D:8      | Noticed a two-headed ogre
  6749 | D:8      | Killed a two-headed ogre
  6782 | D:8      | Noticed a centaur warrior
  6794 | D:8      | Killed a centaur warrior
  6795 | D:8      | Reached skill level 9 in Maces & Flails
  6795 | D:8      | Reached skill level 9 in Dodging
  6833 | D:8      | Noticed a manticore
  6833 | D:8      | Noticed a centaur warrior
  6833 | D:8      | Noticed a manticore
  6833 | D:8      | Noticed a deep elf pyromancer
  6833 | D:8      | Noticed a brown ugly thing
  7002 | D:8      | Found Oruuj's Weapon Boutique.
  7078 | D:8      | Noticed a deep elf pyromancer
  7087 | D:8      | Killed a deep elf pyromancer
  7240 | D:9      | Noticed a two-headed ogre
  7254 | D:9      | Killed a two-headed ogre
  7292 | D:9      | Reached skill level 10 in Maces & Flails
  7292 | D:9      | Reached skill level 10 in Dodging
  7408 | D:9      | Found Oguhar's Magic Scroll Emporium.
  7421 | D:9      | Bought a scroll of teleportation for 33 gold pieces
  7421 | D:9      | Bought a scroll of identify for 22 gold pieces
  7421 | D:9      | Bought a scroll of blinking for 82 gold pieces
  7480 | D:9      | Noticed a two-headed ogre
  7489 | D:9      | Killed a two-headed ogre
  7498 | D:9      | Noticed a two-headed ogre
  7499 | D:9      | Noticed a deep elf pyromancer
  7501 | D:9      | Noticed a two-headed ogre
  7501 | D:9      | Noticed a death knight
  7523 | D:9      | Killed a two-headed ogre
  7524 | D:9      | Reached XP level 12. HP: 102/102 MP: 17/21
  7526 | D:9      | Killed a two-headed ogre
  7527 | D:9      | Reached skill level 11 in Maces & Flails
  7527 | D:9      | Reached skill level 11 in Dodging
  7534 | D:9      | Killed a death knight
  7711 | D:9      | Noticed a two-headed ogre
  7723 | D:9      | Killed a two-headed ogre
  7805 | D:9      | Found a stormy altar of Qazlal.
  8018 | D:10     | Entered Level 10 of the Dungeon
  8072 | D:10     | Lost mutation: Your pliable body absorbs attacks. (AC +2,
                  | EV +2) [Jiyva's grace]
  8072 | D:10     | Gained mutation: Your flesh is cold resistant. (rC+)
                  | [Jiyva's grace]
  8072 | D:10     | Gained mutation: Your flesh is very cold resistant. (rC++)
                  | [Jiyva's grace]
  8072 | D:10     | Gained mutation: Your flesh is almost immune to the effects
                  | of cold. (rC+++) [Jiyva's grace]
  8072 | D:10     | Gained mutation: You have large cloven feet. [Jiyva's
                  | grace]
  8157 | D:10     | Noticed Josephine
  8276 | D:10     | Killed Josephine
  8277 | D:10     | Reached skill level 12 in Dodging
  8287 | D:10     | Reached skill level 12 in Maces & Flails
  8785 | D:10     | Noticed a two-headed ogre
  8792 | D:10     | Killed a two-headed ogre
  9095 | Lair:1   | Entered Level 1 of the Lair of Beasts
  9125 | Lair:1   | Reached skill level 13 in Fighting
  9164 | Lair:1   | Identified the +0 plate armour of Vonko {rC+ rCorr Str+3}
  9196 | Lair:1   | Noticed an eight-headed hydra
  9204 | Lair:1   | Killed an eight-headed hydra
  9318 | Lair:1   | Reached ***** piety under Jiyva
  9381 | Lair:1   | Gained mutation: You can hop long distances. [Barachi
                  | growth]
  9381 | Lair:1   | Reached XP level 13. HP: 111/111 MP: 22/22
  9450 | Lair:1   | Reached skill level 13 in Maces & Flails
  9450 | Lair:1   | Reached skill level 13 in Dodging
  9606 | Lair:1   | Found a runed translucent door.
  9609 | Lair:1   | Noticed Anon1729's ghost (journeyman MeMo)
  9842 | Lair:1   | Identified the +7 spear of Dull Innocence {freeze, Drain
                  | rC- rN+++ SInv}
 10097 | Lair:2   | Reached skill level 14 in Fighting
 10304 | Lair:2   | Found a hole to the Spider Nest.
 10420 | Lair:2   | Lost mutation: You have acidic saliva. [Jiyva's grace]
 10420 | Lair:2   | Gained mutation: Your translucent skin reduces your foes'
                  | accuracy. (Stealth+) [Jiyva's grace]
 10420 | Lair:2   | Gained mutation: Your transparent skin significantly
                  | reduces your foes' accuracy. (Stealth+) [Jiyva's grace]
 10420 | Lair:2   | Gained mutation: You have a pair of small horns on your
                  | head. [Jiyva's grace]
 10420 | Lair:2   | Gained mutation: You have a pair of horns on your head.
                  | [Jiyva's grace]
 10428 | Lair:2   | Found a staircase to the Shoals.
 10911 | Lair:3   | Reached skill level 14 in Dodging
 10919 | Lair:3   | Reached skill level 14 in Maces & Flails
 10933 | Lair:3   | Learned a level 5 spell: Summon Forest
 10986 | Lair:3   | Reached skill level 2 in Translocations
 11040 | Lair:3   | Reached ****** piety under Jiyva
 11063 | Lair:3   | Reached skill level 4 in Summonings
 11108 | Lair:3   | Reached skill level 3 in Translocations
 11299 | Lair:3   | Reached skill level 5 in Summonings
 11667 | Lair:4   | Reached skill level 4 in Translocations
 11845 | Lair:4   | Reached skill level 6 in Summonings
 11872 | Lair:4   | Reached skill level 5 in Translocations
 11872 | Lair:4   | Reached XP level 14. HP: 115/120 MP: 23/23
 11961 | Lair:4   | Lost mutation: You are very agile. (Dex +8, Str/Int -2)
                  | [Jiyva's grace]
 11961 | Lair:4   | Lost mutation: You are agile. (Dex +4, Str/Int -1) [Jiyva's
                  | grace]
 11961 | Lair:4   | Lost mutation: Your transparent skin significantly reduces
                  | your foes' accuracy. (Stealth+) [Jiyva's grace]
 11961 | Lair:4   | Gained mutation: Your system is resistant to poisons.
                  | (rPois) [Jiyva's grace]
 11961 | Lair:4   | Gained mutation: You are somewhat resistant to further
                  | mutation. [Jiyva's grace]
 11961 | Lair:4   | Gained mutation: You are somewhat resistant to both further
                  | mutation and mutation removal. [Jiyva's grace]
 11961 | Lair:4   | Gained mutation: You are almost entirely resistant to
                  | further mutation and mutation removal. [Jiyva's grace]
 12127 | Lair:4   | Reached skill level 7 in Summonings
 12132 | Lair:4   | Reached skill level 6 in Translocations
 12283 | Lair:4   | Reached skill level 8 in Summonings
 12599 | Lair:5   | Entered Level 5 of the Lair of Beasts
 12646 | Lair:5   | Reached skill level 7 in Translocations
 12710 | Lair:5   | Found a viscous altar of Jiyva.
 12710 | Lair:5   | Found a staircase to the Slime Pits.
 12737 | Slime:1  | Entered Level 1 of the Pits of Slime
 12776 | Slime:1  | Noticed a rockslime
 12788 | Slime:1  | Noticed an acid blob
 12792 | Slime:2  | Noticed a quicksilver ooze
 12795 | Slime:2  | Noticed a quicksilver ooze
 12796 | Slime:3  | Noticed an acid blob
 12796 | Slime:3  | Noticed a quicksilver ooze
 12796 | Slime:3  | Noticed a quicksilver ooze
 12796 | Slime:3  | Noticed a quicksilver ooze
 12801 | Slime:3  | Noticed a formless jellyfish
 12809 | Slime:3  | Noticed a formless jellyfish
 12854 | Slime:3  | Noticed a quicksilver ooze
 12859 | Slime:3  | Noticed an acid blob
 12870 | Slime:4  | Noticed a rockslime
 12870 | Slime:4  | Noticed a rockslime
 12870 | Slime:4  | Noticed a formless jellyfish
 12870 | Slime:4  | Noticed a formless jellyfish
 12871 | Slime:4  | Noticed a quicksilver ooze
 12892 | Slime:4  | Noticed a quicksilver ooze
 12929 | Slime:5  | Entered Level 5 of the Pits of Slime
 12929 | Slime:5  | Noticed an azure jelly
 12930 | Slime:5  | Noticed an azure jelly
 12941 | Slime:5  | Noticed an azure jelly
 12943 | Slime:5  | Noticed an acid blob
 12944 | Slime:5  | Got a slimy rune of Zot
 12945 | Slime:5  | Identified the +1 flail "Puwn" {freeze, rElec Int+7}
 12958 | Slime:5  | Noticed an acid blob
 12960 | Slime:5  | Noticed an azure jelly
 12968 | Slime:5  | Noticed an acid blob
 12970 | Slime:5  | Noticed the Royal Jelly
 13003 | Slime:5  | Found a viscous altar of Jiyva.
 13006 | Slime:5  | Noticed an azure jelly
 13084 | Slime:5  | Noticed an acid blob
 13094 | Slime:5  | Identified the +8 halberd "Lisi" {flame, rC+ Str+5 Dex+3}
 13094 | Slime:5  | Noticed an acid blob
 13097 | Slime:5  | Identified the +6 great mace of Mituonn {holy, *Rage rC++
                  | rN+ Str+2}
 13122 | Slime:5  | Noticed an acid blob
 13126 | Slime:5  | Noticed a rockslime
 13126 | Slime:5  | Noticed an acid blob
 13143 | Slime:5  | You add the spells Animate Armour, Alistair's Intoxication
                  | and Bombard to your library.
 13143 | Slime:5  | Got the Precepts of Arenous Nausea
 13146 | Slime:5  | Identified the +4 chain mail of the Dozen Seers {rPois
                  | Str+2}
 13178 | Slime:5  | Noticed an acid blob
 13210 | Slime:5  | Identified the ring "Oliziv" {rC+ Will+ AC+4}
 13333 | Slime:5  | Noticed an acid blob
 13402 | Slime:2  | Noticed a quicksilver ooze
 13407 | Slime:1  | Noticed an azure jelly
 13447 | Slime:1  | Reached skill level 9 in Summonings
 13593 | Lair:5   | Reached skill level 8 in Translocations
 13755 | Lair:5   | Reached skill level 10 in Summonings
 13800 | Lair:5   | Reached skill level 9 in Translocations
 14162 | Lair:5   | Reached skill level 11 in Summonings
 14885 | D:8      | Reached skill level 10 in Translocations
 14898 | D:8      | Reached XP level 15. HP: 121/126 MP: 24/24
 15011 | D:8      | Reached skill level 12 in Summonings
 15032 | D:8      | You pick up a book of Death and begin reading...
 15032 | D:8      | You add the spells Animate Dead, Haunt and Infestation to
                  | your library.
 15270 | D:11     | Found a runed translucent gate.
 15270 | D:11     | Found a runed translucent gate.
 15272 | D:11     | Found a runed translucent gate.
 15388 | D:11     | Lost mutation: Your flesh is almost immune to the effects
                  | of cold. (rC+++) [Jiyva's grace]
 15388 | D:11     | Lost mutation: Your flesh is very cold resistant. (rC++)
                  | [Jiyva's grace]
 15388 | D:11     | Lost mutation: You are almost entirely resistant to further
                  | mutation and mutation removal. [Jiyva's grace]
 15388 | D:11     | Lost mutation: You are somewhat resistant to both further
                  | mutation and mutation removal. [Jiyva's grace]
 15388 | D:11     | Lost mutation: You have large cloven feet. [Jiyva's grace]
 15388 | D:11     | Gained mutation: You have sharp toenails. [Jiyva's grace]
 15388 | D:11     | Gained mutation: You have razor-sharp toenails. [Jiyva's
                  | grace]
 15388 | D:11     | Gained mutation: You have claws for feet. [Jiyva's grace]
 15388 | D:11     | Gained mutation: Your spells are a little harder to cast,
                  | but a little more powerful. [Jiyva's grace]
 15411 | D:11     | Reached skill level 1 in Armour
 15518 | D:11     | Reached skill level 2 in Armour
 15646 | D:11     | Reached skill level 3 in Armour
 15681 | D:11     | Noticed Sonja
 15689 | D:11     | Killed Sonja
 16065 | D:11     | Noticed MrCrawl's ghost (journeyman DrFE)
 16089 | D:11     | Killed MrCrawl's ghost
 16170 | D:12     | Reached skill level 1 in Shields
 16208 | D:12     | Reached skill level 2 in Shields
 16285 | D:12     | Reached skill level 3 in Shields
 16390 | D:12     | Reached skill level 4 in Shields
 16583 | D:12     | Found a bloodstained altar of Trog.
 16623 | D:12     | Reached skill level 5 in Shields
 16652 | D:12     | Lost mutation: You have a pair of horns on your head.
                  | [Jiyva's grace]
 16652 | D:12     | Lost mutation: You have a pair of small horns on your head.
                  | [Jiyva's grace]
 16652 | D:12     | Lost mutation: You have claws for feet. [Jiyva's grace]
 16652 | D:12     | Lost mutation: A frigid envelope surrounds you and freezes
                  | all who hurt you. [Jiyva's grace]
 16652 | D:12     | Lost mutation: Your spells are a little harder to cast, but
                  | a little more powerful. [Jiyva's grace]
 16652 | D:12     | Lost mutation: Your rubbery body absorbs attacks. (AC +1,
                  | EV +1) [Jiyva's grace]
 16652 | D:12     | Lost mutation: Your translucent skin reduces your foes'
                  | accuracy. (Stealth+) [Jiyva's grace]
 16652 | D:12     | Lost mutation: You have a small jelly attached to you that
                  | senses nearby items. [Jiyva's grace]
 16652 | D:12     | Gained mutation: You have a small jelly attached to you
                  | that senses nearby items. [Jiyva's grace]
 16652 | D:12     | Gained mutation: You are robust. (+10% HP) [Jiyva's grace]
 16652 | D:12     | Gained mutation: You are very robust. (+20% HP) [Jiyva's
                  | grace]
 16652 | D:12     | Gained mutation: You are extremely robust. (+30% HP)
                  | [Jiyva's grace]
 16989 | D:12     | Found a staircase to the Orcish Mines.
 17126 | Orc:1    | Entered Level 1 of the Orcish Mines
 17330 | Orc:1    | Noticed Maurice
 17342 | Orc:1    | Maurice stole a phial of floods
 17344 | Orc:1    | Maurice stole a +2 demon trident of venom {polearm}
 17347 | Orc:1    | Killed Maurice
 17513 | Orc:2    | Entered Level 2 of the Orcish Mines
 17533 | Orc:2    | Found a staircase to the Elven Halls.
 17557 | Orc:2    | Found Meonei's Distillery.
 17557 | Orc:2    | Noticed an orc warlord
 17588 | Orc:1    | Slimified an orc warlord
 17588 | Orc:1    | an orc warlord changed into an azure jelly
 17588 | Orc:1    | Noticed an azure jelly
 17651 | Orc:2    | Reached skill level 6 in Shields
 18081 | Orc:2    | Reached skill level 7 in Shields
 18095 | Orc:2    | Found a radiant altar of Vehumet.
 18119 | Orc:2    | Reached skill level 4 in Armour
 18151 | Orc:2    | Found Yprel's Book Boutique.
 18151 | Orc:2    | Found Iteim's Antique Weapon Shop.
 18154 | Orc:2    | Found an ancient bone altar of Kikubaaqudgha.
 18181 | Orc:2    | Found Daimuh's Antique Armour Boutique.
 18252 | Orc:2    | Found Unaxaegg's Distillery.
 18371 | Orc:2    | Bought a pair of runed gloves for 225 gold pieces
 18440 | Orc:2    | Bought a potion of heal wounds for 80 gold pieces
 18625 | D:13     | You pick up a book of Spatial Translocations and begin
                  | reading...
 18625 | D:13     | You add the spells Momentum Strike and Lesser Beckoning to
                  | your library.
 18675 | D:13     | You add the spells Sting, Poisonous Vapours and Olgreb's
                  | Toxic Radiance to your library.
 18768 | D:13     | Noticed Erolcha
 18785 | D:13     | Killed Erolcha
 18786 | D:13     | Reached skill level 5 in Armour
 18786 | D:13     | Lost mutation: You have razor-sharp toenails. [Jiyva's
                  | grace]
 18786 | D:13     | Lost mutation: You are somewhat resistant to further
                  | mutation. [Jiyva's grace]
 18786 | D:13     | Lost mutation: Your system is resistant to poisons. (rPois)
                  | [Jiyva's grace]
 18786 | D:13     | Gained mutation: You have hidden genetic potential.
                  | [Jiyva's grace]
 18786 | D:13     | Gained mutation: You have great hidden genetic potential.
                  | [Jiyva's grace]
 18786 | D:13     | Gained mutation: You are partially covered in iridescent
                  | scales. (AC +2) [Jiyva's grace]
 18786 | D:13     | Gained mutation: You are mostly covered in iridescent
                  | scales. (AC +4) [Jiyva's grace]
 19291 | D:14     | Reached skill level 15 in Fighting
 19389 | D:14     | Reached skill level 6 in Armour
 19421 | D:14     | Reached XP level 16. HP: 139/176 MP: 25/25
 19441 | D:14     | Found an ancient bone altar of Kikubaaqudgha.
 19743 | D:14     | Reached skill level 15 in Dodging
 19770 | D:14     | Found a gate to the Vaults.
 19959 | D:14     | Found a frozen archway.
 19963 | IceCv    | Entered an ice cave
 20076 | IceCv    | Noticed an azure jelly
 20096 | IceCv    | Noticed an azure jelly
 20097 | IceCv    | Noticed an azure jelly
 20100 | IceCv    | Found a viscous altar of Jiyva.
 20100 | IceCv    | Noticed a rockslime
 20121 | IceCv    | Identified the +0 ring mail "Ehulac" {rElec rN+ Will+
                  | Str-2}
 20125 | IceCv    | Identified the amulet of Zurrounn {Acrobat rF+}
 20343 | D:14     | Reached skill level 16 in Fighting
 20534 | D:15     | Entered Level 15 of the Dungeon
 20603 | D:15     | Lost mutation: You are mostly covered in iridescent scales.
                  | (AC +4) [Jiyva's grace]
 20603 | D:15     | Lost mutation: You are extremely robust. (+30% HP) [Jiyva's
                  | grace]
 20603 | D:15     | Lost mutation: You have great hidden genetic potential.
                  | [Jiyva's grace]
 20603 | D:15     | Gained mutation: Your muscles are strong. (Str +4, Int/Dex
                  | -1) [Jiyva's grace]
 20603 | D:15     | Gained mutation: Your muscles are very strong. (Str +8,
                  | Int/Dex -2) [Jiyva's grace]
 20603 | D:15     | Gained mutation: You are covered in slimy tendrils that may
                  | disarm your opponents. [Jiyva's grace]
 20603 | D:15     | Gained mutation: You expend magic power (3 MP) to
                  | strengthen your wands. [Jiyva's grace]
 20629 | D:15     | Paralysed by something for 2 turns
 21064 | D:15     | Found a staircase to the Depths.
 21066 | D:15     | Noticed a storm dragon
 21077 | D:15     | Slimified a storm dragon
 21077 | D:15     | a storm dragon changed into an azure jelly
 21077 | D:15     | Noticed an azure jelly
 21413 | D:15     | Learned a level 4 spell: Animate Dead
 21631 | Lair:1   | Upgraded the game from 0.31-a0-1066-g35875b34c7 to
                  | 0.31-a0-1068-g5939ac1fb6
 21631 | Lair:1   | magus.rc [v1.9.6]
 21664 | Lair:1   | Killed Anon1729's ghost
 21744 | Spider:1 | Entered Level 1 of the Spider Nest
 21761 | Spider:1 | Reached skill level 16 in Dodging
 21761 | Spider:1 | Reached skill level 1 in Necromancy
 21814 | Spider:1 | Reached skill level 2 in Necromancy
 21828 | Spider:1 | Reached skill level 17 in Fighting
 21838 | Spider:1 | Gained mutation: You have great hidden genetic potential.
                  | [hidden potential]
 21876 | Spider:1 | Reached skill level 3 in Necromancy
 22087 | Spider:1 | Reached skill level 4 in Necromancy
 22376 | Spider:1 | Reached skill level 5 in Necromancy
 22767 | Spider:1 | Reached skill level 6 in Necromancy
 22808 | Spider:1 | Reached XP level 17. HP: 107/176 MP: 26/26
 22882 | Spider:1 | Identified the +6 short sword "Exeahyec" {freeze, rF+ Int+3
                  | Dex-5}
 22895 | Spider:1 | Identified the +5 dagger of the Assorted Brambles {heavy,
                  | rPois}
 23126 | Spider:2 | Noticed Arachne
 23145 | Spider:2 | HP: 44/176 [poisoned by Arachne]
 23150 | Spider:2 | HP: 41/176 [poisoned by Arachne]
 23492 | Orc:2    | Bought 2 potions of curing for 72 gold pieces
 23492 | Orc:2    | Bought a potion of curing for 36 gold pieces
 23492 | Orc:2    | Bought a potion of curing for 36 gold pieces
 23523 | Orc:2    | Bought a potion of curing for 48 gold pieces
 24080 | Spider:2 | Reached skill level 7 in Necromancy
 24129 | Spider:2 | Lost mutation: You are very robust. (+20% HP) [Jiyva's
                  | grace]
 24129 | Spider:2 | Lost mutation: You are robust. (+10% HP) [Jiyva's grace]
 24129 | Spider:2 | Lost mutation: You have great hidden genetic potential.
                  | [Jiyva's grace]
 24129 | Spider:2 | Lost mutation: You are covered in slimy tendrils that may
                  | disarm your opponents. [Jiyva's grace]
 24129 | Spider:2 | Lost mutation: You expend magic power (3 MP) to strengthen
                  | your wands. [Jiyva's grace]
 24129 | Spider:2 | Gained mutation: You passively map a small area around you.
                  | [Jiyva's grace]
 24129 | Spider:2 | Gained mutation: You passively map the area around you.
                  | [Jiyva's grace]
 24129 | Spider:2 | Gained mutation: You passively map a large area around you.
                  | [Jiyva's grace]
 24129 | Spider:2 | Gained mutation: Your melee attacks may engulf your foes in
                  | ooze. [Jiyva's grace]
 24142 | Spider:2 | Killed Arachne
 24155 | Spider:2 | Reached skill level 8 in Necromancy
 24203 | Spider:2 | Reached skill level 1 in Evocations
 24211 | Spider:2 | Reached skill level 8 in Shields
 24229 | Spider:2 | Reached skill level 2 in Evocations
 24346 | Spider:2 | Identified the +0 cloak of Vahixaup {rF++ MP+9}
 24491 | Spider:2 | Reached skill level 3 in Evocations
 24638 | Spider:2 | Reached skill level 4 in Evocations
 24669 | Spider:2 | Reached skill level 9 in Shields
 25045 | Spider:2 | HP: 35/140 [pharaoh ant (27)]
 25047 | Spider:2 | a wolf spider changed into an acid blob
 25047 | Spider:2 | Noticed an acid blob
 25050 | Spider:2 | HP: 31/141 [poisoned by a wolf spider]
 25055 | Spider:2 | HP: 34/141 [poisoned by a wolf spider]
 25150 | Spider:3 | Reached skill level 5 in Evocations
 25161 | Spider:3 | You pick up a book of Lightning and begin reading...
 25161 | Spider:3 | You add the spells Vhi's Electric Charge, Arcjolt and
                  | Plasma Beam to your library.
 25238 | Spider:3 | HP: 34/147 [redback (7)]
 25379 | Spider:3 | Reached skill level 10 in Shields
 25379 | Spider:3 | Reached skill level 6 in Evocations
 25622 | Spider:3 | Noticed Asterion
 25642 | Spider:3 | Killed Asterion
 25713 | Spider:3 | Reached skill level 1 in Axes
 25912 | Spider:4 | Entered Level 4 of the Spider Nest
 25923 | Spider:4 | You pick up a book of Weapons and begin reading...
 26048 | Spider:4 | Reached skill level 2 in Axes
 26076 | Spider:3 | HP: 11/147 [steelbarb worm (36)]
 26076 | Spider:3 | Slain by a ghost moth

Vanquished Creatures
  Arachne (Spider:2)
  Asterion (Spider:3)
  A ghost moth (Spider:3)
  A broodmother (Spider:1)
  2 spark wasps
  Josephine (D:10)
  2 entropy weavers
  The ghost of Anon1729 the Cleaver, a journeyman MeMo of Qazlal (Lair:1)
  Erolcha (D:13)
  4 vault guards
  3 ogre magi
  7 hydras
  The ghost of MrCrawl the Arsonist, a journeyman DrFE of Vehumet (D:11)
  2 death knights
  A catoblepas (D:13)
  A merfolk avatar (Lair:5)
  4 boulder beetles
  4 centaur warriors
  15 two-headed ogres
  A deep troll earth mage (D:15)
  4 death yaks
  7 demonic crawlers
  2 tengu warriors
  4 skysharks
  3 pharaoh ants
  4 orb spiders
  6 skeletal warriors
  2 sun moths
  3 sea snakes (Lair:5)
  2 orange crystal statues (IceCv)
  2 harpies (Lair:5)
  5 steelbarb worms
  16 wolf spiders
  7 manticores
  5 deep elf pyromancers
  8 orc sorcerers (Orc:2)
  A moth of wrath (Spider:2)
  7 cyclopes
  17 ugly things
  11 elephants
  Maurice (Orc:1)
  8 black mambas
  5 torpor snails
  16 cane toads
  3 gargoyles (D:11)
  8 komodo dragons
  A kobold demonologist (D:8)
  An unseen horror (D:12)
  3 rime drakes
  2 freezing wraiths (D:12)
  2 efreet
  2 tengu conjurers
  17 tarantellas
  5 meliai
  7 polar bears
  A polar bear (shapeshifter) (D:13)
  8 trolls
  A sun moth zombie (Spider:3)
  A wind drake (Lair:5)
  3 hornets
  Prince Ribbit (Bailey)
  A jumping spider zombie (Spider:3)
  18 blink frogs
  A culicivora zombie (Spider:3)
  2 meliai zombies (Spider:3)
  21 culicivoras
  11 wraiths
  25 jumping spiders
  A shadow (D:13)
  47 yaks
  2 vampires
  3 spriggans (Lair:1)
  3 basilisks
  A water elemental (D:12)
  11 wyverns
  8 humans (Bailey)
  25 redbacks
  A steam dragon (Lair:5)
  7 vampire mosquitoes
  4 great orb of eyes simulacra (IceCv)
  3 acid dragons
  14 water moccasins
  A black bear (shapeshifter) (D:8)
  20 orc warriors
  An ice beast (D:7)
  2 sky beasts
  2 black bears
  7 ogres
  11 wolves
  11 centaurs
  5 kobold brigands
  A phantom (D:5)
  A nameless horror (D:12)
  26 bullfrogs
  2 gnoll sergeants (D:9)
  A glowing shapeshifter simulacrum (IceCv)
  6 wights
  A jelly (Lair:5)
  21 killer bees
  8 howler monkeys
  3 hounds
  Crazy Yiuf (D:6)
  11 orc priests
  A gnoll bouda (D:8)
  3 sleepcaps
  An iguana (D:5)
  29 orc wizards
  11 hell rats
  3 gnolls
  4 adders
  3 shadow imps
  3 white imps (D:8)
  4 ufetubi (D:5)
  A worm (D:4)
  A dart slug (D:5)
  68 orcs
  5 bats
  5 giant cockroaches
  2 goblins (D:7)
  9 hobgoblins
  4 quokkas
  2 ball pythons
  2 frilled lizards (D:3)
  13 kobolds
  5 rats
  A spectral weapon (Spider:3)
797 creatures vanquished.

Vanquished Creatures (collateral kills)
  A broodmother (Spider:2)
  5 entropy weavers
  An ogre mage (Orc:2)
  3 boulder beetles
  2 radroaches (Spider:2)
  Sonja (D:11)
  A skyshark (Lair:5)
  4 orb spiders (Spider:2)
  A steelbarb worm (Spider:2)
  4 wolf spiders
  An orc sorcerer (Orc:2)
  2 moths of wrath (Spider:2)
  A torpor snail (Spider:3)
  2 meliai (Spider:3)
  8 tarantellas
  2 jumping spiders
  4 culicivoras
  A yak (Lair:1)
  A wraith (D:10)
  13 redbacks
  An acid dragon (shapeshifter) (D:13)
  An orc warrior (D:7)
  A bullfrog (Bailey)
  A scorpion (D:5)
  A wight (D:6)
  A killer bee (D:9)
  A hound (D:4)
  An iguana (D:6)
  4 orc wizards
  3 orcs
  A goblin (D:7)
  A hobgoblin (Bailey)
  A kobold (D:6)
  A rat (D:6)
77 creatures vanquished.

Vanquished Creatures (others)
  2 vault guards
  A hydra (D:15)
  3 death yaks (Slime:1)
  An orange crystal statue (IceCv)
  2 wolf spider zombies
  2 cyclopes (D:15)
  A tengu conjurer (D:15)
  A redback zombie (Spider:2)
  3 steelbarb worm zombies
  3 culicivora zombies
  A jumping spider zombie (Spider:2)
  3 tarantella zombies
  2 meliai zombies
  A radroach zombie (Spider:2)
  11 slime creatures
  An unseen horror simulacrum (D:9)
  A shadow (D:13)
  5 great orb of eyes simulacra (IceCv)
  A sky beast (D:8)
  A phantom (D:7)
  3 slime creature simulacra (IceCv)
  A torpor snail zombie (Spider:3)
  5 bullfrogs
  2 glowing shapeshifter simulacra (IceCv)
  A scorpion (D:6)
  2 wights (D:8)
  5 killer bees
  A bullfrog zombie (D:4)
  98 jellies
  An orc priest (D:12)
  7 orc wizards
  6 gnolls
  An adder (D:3)
  2 shadow imps
  2 ufetubi (D:6)
  13 orcs
  3 bats
  5 endoplasms
  A giant cockroach (D:2)
  3 goblins
  5 jackals
  3 kobolds
  A frilled lizard (D:2)
  A rat (D:3)
  A snaplasher vine (Lair:5)
219 creatures vanquished.

Grand Total: 1093 creatures vanquished

Table legend:
 A = Non-vault XP
 B = Vault XP
 C = Vault XP percentage of total XP
 D = Non-vault monster count
 E = Vault monster count
 F = Vault count percentage of total count
                 A         B        C        D         E       F
            +---------+---------+-------+---------+---------+-------
      Total |  159456 |   76461 |  32.4 |     618 |     255 |  29.2
            +---------+---------+-------+---------+---------+-------
        D:1 |      13 |       0 |   0.0 |       9 |       0 |   0.0
        D:2 |      21 |       0 |   0.0 |       5 |       0 |   0.0
        D:3 |      57 |       0 |   0.0 |      11 |       0 |   0.0
        D:4 |      72 |       0 |   0.0 |      12 |       0 |   0.0
        D:5 |     542 |       0 |   0.0 |      13 |       0 |   0.0
        D:6 |     694 |     137 |  16.5 |      17 |       9 |  34.6
        D:7 |    1372 |       6 |   0.4 |      23 |       3 |  11.5
        D:8 |    2675 |    8674 |  76.4 |      25 |      29 |  53.7
        D:9 |    4393 |    5200 |  54.2 |      34 |      15 |  30.6
       D:10 |    1015 |    3185 |  75.8 |      15 |       9 |  37.5
       D:11 |    5340 |    1907 |  26.3 |      23 |       4 |  14.8
       D:12 |    7633 |     612 |   7.4 |      32 |      20 |  38.5
       D:13 |    6553 |     871 |  11.7 |      19 |       1 |   5.0
       D:14 |   11617 |    6278 |  35.1 |      22 |       8 |  26.7
       D:15 |   11480 |    3400 |  22.8 |      18 |       6 |  25.0
     Lair:1 |    8038 |    1713 |  17.6 |      34 |       5 |  12.8
     Lair:2 |    4753 |    2441 |  33.9 |      29 |       8 |  21.6
     Lair:3 |    7686 |     350 |   4.4 |      33 |       2 |   5.7
     Lair:4 |    8637 |    2532 |  22.7 |      23 |       8 |  25.8
     Lair:5 |   10596 |   10758 |  50.4 |      28 |      23 |  45.1
   Spider:1 |   24270 |       0 |   0.0 |      65 |       0 |   0.0
   Spider:2 |   21111 |   11347 |  35.0 |      48 |      25 |  34.2
   Spider:3 |   16321 |    1741 |   9.6 |      41 |       1 |   2.4
   Spider:4 |     486 |    2259 |  82.3 |       2 |       4 |  66.7
    Slime:1 |    1439 |       0 |   0.0 |       4 |       0 |   0.0
      Orc:1 |     953 |     469 |  33.0 |      14 |       1 |   6.7
      Orc:2 |    1689 |    6592 |  79.6 |      19 |      35 |  64.8
     Bailey |       0 |    4149 | 100.0 |       0 |      32 | 100.0
      IceCv |       0 |    1840 | 100.0 |       0 |       7 | 100.0
            +---------+---------+-------+---------+---------+-------

Skill      XL: |  1  2  3  4  5  6  7  8  9 10 11 12 13 14 15 16 17 |
---------------+----------------------------------------------------+-----
Summonings     | 2 3 6 11 12 | 12.1
Conjurations   | 2 3 4 |  4.0
Air Magic      | 1 2 3 |  3.0
Poison Magic   | 1 2 3 |  3.0
Fighting       | 4 5 7 10 12 13 14 15 17 | 17.0
Dodging        | 3 5 6 7 10 12 14 16 | 16.0
Spellcasting   | 4 5 6 |  6.2
Maces & Flails | 3 6 7 10 12 14 | 14.0
Translocations | 5 10 | 10.0
Armour         | 6 |  6.0
Shields        | 7 10 | 10.8
Necromancy     | 6 8 |  8.0
Evocations     | 6 |  6.0
Axes           | 2 |  2.7
Stealth        | |  1.7

Action                     |  1- 3 |  4- 6 |  7- 9 | 10-12 | 13-15 | 16-18 || total
---------------------------+-------+-------+-------+-------+-------+-------++-------
  Melee: Dagger            |     3 |    16 |    29 |       |       |       ||    48
         Bite              |       |     2 |    19 |    83 |    39 |       ||   143
         Mace              |       |       |    88 |   501 |  1880 |  1360 ||  3829
         Punch             |       |       |     2 |    10 |    29 |       ||    41
         Headbutt          |       |       |       |       |   307 |       ||   307
         Kick              |       |       |       |       |   117 |       ||   117
   Cast: Magic Dart        |    87 |    89 |    58 |    52 |     1 |       ||   287
         Call Imp          |       |     9 |    21 |    15 |     1 |       ||    46
         Mephitic Cloud    |       |       |    11 |    33 |     7 |       ||    51
         Summon Forest     |       |       |       |       |    10 |    11 ||    21
         Animate Dead      |       |       |       |       |       |     8 ||     8
 Invoke: Oozemancy         |       |     1 |     3 |     5 |     1 |     2 ||    12
         Slimify           |       |       |       |       |     1 |     4 ||     5
Ability: Hop               |       |       |       |     1 |     1 |     1 ||     3
  Evoke: Wand              |       |       |       |     3 |     2 |     7 ||    12
         Box of beasts     |       |       |       |       |       |     2 ||     2
         Phantom mirror    |       |       |       |       |       |     2 ||     2
         Phial of floods   |       |       |       |       |       |     1 ||     1
    Use: Scroll            |       |     3 |     3 |     8 |     8 |     7 ||    29
         Potion            |       |       |       |     3 |     2 |     7 ||    12
   Stab: Sleeping          |       |     2 |     1 |     4 |    19 |     6 ||    32
         Distracted        |       |       |     1 |     3 |     2 |     7 ||    13
         Confused          |       |       |     3 |    35 |     7 |       ||    45
         Invisible         |       |       |       |     2 |       |     3 ||     5
         Paralysed         |       |       |       |       |       |     2 ||     2
 Armour: Robe              |    10 |    34 |    54 |    12 |    42 |       ||   152
         Leather armour    |       |       |       |   103 |   449 |   668 ||  1220
         Troll leather arm |       |       |       |     3 |       |       ||     3
  Dodge: Dodged            |    15 |    29 |    58 |   283 |  1049 |   712 ||  2146
  Block: Other             |    11 |    25 |    24 |    69 |   160 |       ||   289
         Reflection        |       |     1 |     1 |     6 |    10 |     2 ||    20
         Buckler           |       |       |       |       |   291 |   403 ||   694
         Kite shield       |       |       |       |       |       |   276 ||   276

Illustrated notes

Table legend:
 A = Kills in this place as a percentage of kills in the entire game.
 B = Kills by you in this place as a percentage of kills by you in the entire game.
 C = Kills by friends in this place as a percentage of kills by friends in the entire game.
 D = Other kills in this place as a percentage of other kills in the entire game.
 E = Experience gained in this place as a percentage of experience gained in the entire game.
 F = Experience gained in this place divided by the number of levels of this place that you have seen.
                   A       B       C       D       E      F
               +-------+-------+-------+-------+-------+----------------------
         Total | 100.0 | 100.0 | 100.0 | 100.0 | 100.0 | 7149.0
       Dungeon |  43.8 |  45.5 |  19.5 |  68.2 |  35.5 | 5583.1
          Lair |  22.1 |  24.7 |   2.6 |   0.0 |  24.4 | 11500.8
   Spider Nest |  21.3 |  17.4 |  66.2 |   0.0 |  32.9 | 19383.8
    Slime Pits |   0.5 |   0.1 |   0.0 |  13.6 |   0.6 | 287.8
  Orcish Mines |   7.9 |   7.9 |   9.1 |   4.5 |   4.1 | 4851.5
        Bailey |   3.7 |   3.5 |   2.6 |  13.6 |   1.8 | 4149.0
      Ice Cave |   0.8 |   0.9 |   0.0 |   0.0 |   0.8 | 1840.0
               +-------+-------+-------+-------+-------+----------------------

Table legend: (Time is in decaauts)
 A = Elapsed time spent in this place.
 B = Non-inter-level travel time spent in this place.
 C = Inter-level travel time spent in this place.
 D = Time resting spent in this place.
 E = Time spent auto-exploring this place.
 F = Levels seen in this place.
 G = Mean time per level.
                   A        B        C        D        E       F      G
               +--------+--------+--------+--------+--------+-----+--------+
         Total |  28024 |  24364 |   3660 |    866 |  17169 |  33 |  849.2 |
       Dungeon |  16309 |  13714 |   2595 |    116 |  10460 |  15 | 1087.3 |
          Lair |   5032 |   4673 |    359 |     69 |   3344 |   5 | 1006.4 |
   Spider Nest |   3569 |   3318 |    251 |    568 |   1558 |   4 |  892.2 |
    Slime Pits |    916 |    739 |    177 |     57 |    556 |   5 |  183.2 |
  Orcish Mines |   1587 |   1311 |    276 |     15 |    945 |   2 |  793.5 |
        Bailey |    327 |    327 |      0 |     40 |    125 |   1 |  327.0 |
      Ice Cave |    282 |    282 |      0 |      0 |    179 |   1 |  282.0 |
               +--------+--------+--------+--------+--------+-----+--------+

Top non-repeatable levels by time:
     D:8: 1709 daAuts
Spider:1: 1551 daAuts
    D:10: 1437 daAuts
     D:6: 1368 daAuts
    D:12: 1333 daAuts
     D:9: 1252 daAuts
     D:7: 1249 daAuts
  Lair:5: 1130 daAuts
    D:14: 1113 daAuts
  Lair:1: 1097 daAuts
   Orc:2: 1090 daAuts
     D:5: 1056 daAuts
    D:15: 1050 daAuts
Spider:2: 1039 daAuts
  Lair:3: 961 daAuts
